 Dungeon Crawl Stone Soup version 0.27-a0-1591-gc56fcc985a (webtiles) character file.

Game seed: 3291472981307357648

126 mordus the Magician (level 5, 0/35 HPs)
             Began as a Djinni Conjurer on July 19, 2021.
             Shot with a stone by a goblin (6 damage)
             ... led by Robin
             ... on level 3 of the Dungeon.
             The game lasted 00:10:06 (3113 turns).

mordus the Magician (Djinni Conjurer)               Turns: 3113, Time: 00:10:06

Health: 0/35       AC:  3    Str:  6    XL:     5   Next: 32%
Gold:   76         EV: 13    Int: 20    God:
                   SH:  0    Dex: 12

rFire    + + .     SeeInvis .   b - +0 dagger
rCold    x . .     Faith    .   (no shield)
rNeg     . . .     Spirit   .   a - +0 robe
rPois    ∞         Reflect  .   (no helmet)
rElec    .         Harm     .   (no cloak)
rCorr    .         Rampage  .   f - +0 pair of gloves
Will     .....                  (boots unavailable)
Stlth    ++........             (no amulet)
HPRegen  0.11/turn              (no ring)
MPRegen  0.00/turn              (no ring)

@: flying, very slightly contaminated
A: sickness immunity, fire resistance 2, cold vulnerability 1, float, innate
caster, hp casting, extra vitality 1
a: no special abilities


You were on level 3 of the Dungeon.
You visited 1 branch of the dungeon, and saw 3 of its levels.

You collected 76 gold pieces.

Inventory:

Hand Weapons
 b - a +0 dagger (weapon)
Armour
 a - a +0 robe (worn)
 f - a +0 pair of gloves (worn)
Scrolls
 c - a scroll of amnesia {unknown}
 d - a scroll of magic mapping {unknown}
 e - 4 scrolls of identify {unknown}


   Skills:
 + Level 3.6 Dodging
 - Level 1.5 Stealth
 * Level 4.4 Spellcasting


You couldn't memorise any spells.
You knew the following spells:

 Your Spells              Type           Power      Damage    Failure   Level
a - Magic Dart            Conj           88%        1d7       1%          1
b - Searing Ray           Conj           44%        3d4       3%          2
c - Dazzling Flash        Conj/Hex       44%        N/A       6%          3
d - Fulminant Prism       Conj/Hex       11%        3d9       21%         4
e - Iskenderun's Mystic   Conj/Tloc      22%        2d6       21%         4
f - Freeze                Ice            88%        1d10      1%          1
g - Passwall              Tmut/Erth      18%        N/A       3%          2
Your spell library was empty.

Dungeon Overview and Level Annotations

Branches:
Dungeon (3/15)

Altars:

Annotations:
D:3 Robin


Innate Abilities, Weirdness & Mutations

You are immune to sickness and miasma.
You are immune to poison.
Your flesh is very heat resistant. (rF++)
You are vulnerable to cold. (rC-)
You float through the air rather than walking.
You learn spells naturally, not from books.
Your magical power is your life essence.
You have superior vitality. (+4 HP)


Message History

The goblin unwields a +0 club.
The goblin wields a +0 hunting sling.
The goblin shoots a stone.
The stone hits you.
You hear a shout! x3
A goblin, a hobgoblin and Robin come into view.
The goblin unwields a +0 club.
The goblin wields a +4 hunting sling.
The goblin shoots a stone.
The stone misses you.
Casting: Searing Ray (safe; 3% risk of failure)
Confirm with . or Enter, or press ? or * to list all spells.
The spell is extremely dangerous to cast (21% risk of failure)!
Continue anyway?
Aiming: Fulminant Prism (extremely dangerous; 21% risk of failure)
Press: ? - help, Dir - move target You miscast Fulminant Prism.
You are very lightly contaminated with residual magic.
You feel a strange surge of energy!
The goblin shoots a stone.
The stone hits you.
Robin roars a battlecry!
The goblins go into a battle-frenzy!
The goblin shoots a stone.
The stone hits you but does no damage.
The goblin shoots a stone.
The stone hits you.
* * * LOW HITPOINT WARNING * * *
Robin throws the goblin at you!
A ball python comes into view.
The ball python hisses angrily.
You hit the ball python.
The ball python is heavily wounded.
The ball python misses you. The ball python closely misses you.
The goblin completely misses you.
Casting: Fulminant Prism (extremely dangerous; 21% risk of failure)
Confirm with . or Enter, or press ? or * to list all spells.
The spell is extremely dangerous to cast (21% risk of failure)!
Continue anyway?
You erupt in a blast of force!
The mystic blast hits the hobgoblin!
You kill the hobgoblin!
The mystic blast hits the goblin!
You kill the goblin!
The mystic blast hits the ball python.
You kill the ball python!
* * * LOW HITPOINT WARNING * * *
The goblin shoots a stone.
The stone closely misses you.
The goblin shoots a stone.
The stone hits you.
You die...

#.....†.......#
##...##...[.## .#
##:###.)...# .# #.# ###.###
.# #.# #.# .# #.# #.######
.# #.# #......########.# #.#
######.#..).ggg.## #.#
####.#@#####g.g#
#.#######.........##.#.#
#.(..<.........##.##....#
##.#########.........g...g.g
#.# ######.###...#### #.# #
#.## #.# .# #.# [# #.# .#


You could see 3 goblins.

Vanquished Creatures
  A howler monkey skeleton (D:2)
  5 gnolls
  6 dart slugs
  5 ball pythons
  4 endoplasms
  A giant cockroach (D:1)
  5 goblins
  4 hobgoblins
  9 jackals
  2 quokkas
  2 bats
  2 frilled lizards
  4 kobolds
  4 rats
54 creatures vanquished.

Notes
Turn   | Place    | Note
-------+----------+-------------------------------------------
     0 | D:1      | mordus the Djinni Conjurer began the quest for the Orb.
     0 | D:1      | Reached XP level 1. HP: 15/15 MP: 0/0
   269 | D:1      | Reached XP level 2. HP: 20/21 MP: 0/0
   718 | D:1      | Reached XP level 3. HP: 20/25 MP: 0/0
   718 | D:1      | Learned a level 1 spell: Freeze
  2045 | D:2      | Reached skill level 4 in Spellcasting
  2045 | D:2      | Reached XP level 4. HP: 27/31 MP: 0/0
  2274 | D:2      | Reached XP level 5. HP: 26/35 MP: 0/0
  2274 | D:2      | Learned a level 2 spell: Passwall
  2400 | D:2      | Found a faded altar of an unknown god.
  3103 | D:3      | Noticed Robin
  3113 | D:3      | Shot with a stone by a goblin

Illustrated notes

Levels and vault maps discovered:
D:1:      saegor_arrival_simple_d, layout_basic
D:2:      layout_basic, shapermc_ecumenical_altar_petra
D:3:      layout_loops_ring, mainiacjoe_overflow_cross_hatched,
          ashenzari_conservatory_becter, gammafunk_ghost_stat_death, uniq_robin

Skill      XL: |  1  2  3 |
---------------+----------+-----
Dodging        | 3 |  3.6
Spellcasting   | 4 |  4.4
Stealth        | |  1.5

Action                   |  1- 3 |  4- 6 || total
-------------------------+-------+-------++-------
Melee: Dagger            |     4 |     1 ||     5
 Cast: Magic Dart        |    10 |     1 ||    11
       Searing Ray       |    21 |    19 ||    40
       Iskenderun's Myst |       |     1 ||     1
 Stab: Sleeping          |     2 |       ||     2
Armor: Robe              |       |     4 ||     4
Dodge: Dodged            |     7 |     7 ||    14

Table legend: (Time is in decaauts)
 A = Elapsed time spent in this place.
 B = Non-inter-level travel time spent in this place.
 C = Inter-level travel time spent in this place.
 D = Time resting spent in this place.
 E = Time spent auto-exploring this place.
 F = Levels seen in this place.
 G = Mean time per level.
                   A        B        C        D        E       F      G
               +--------+--------+--------+--------+--------+-----+--------+
         Total |   3111 |   3024 |     87 |    265 |   2471 |   3 | 1037.0 |
       Dungeon |   3111 |   3024 |     87 |    265 |   2471 |   3 | 1037.0 |
               +--------+--------+--------+--------+--------+-----+--------+

Top non-repeatable levels by time:
     D:1: 1714 daAuts
     D:2: 1273 daAuts
     D:3: 123 daAuts
